 Dungeon Crawl Stone Soup version 0.29.0-5-ge4962eb29e (webtiles) character file.

Game seed: 15220443393423092918

14679 Anothat the Cleaver (level 12, -6/97 HPs)
             Began as a Formicid Fighter on Aug 28, 2022.
             Was an Initiate of Gozag.
             Mangled by a 12-headed hydra (9 damage)
             ... on level 1 of the Lair of Beasts.
             The game lasted 00:35:57 (12614 turns).

Anothat the Cleaver (Formicid Fighter)             Turns: 12614, Time: 00:35:57

Health: -6/97      AC: 27    Str: 26    XL:     12   Next: 48%
Magic:  12/12      EV:  8    Int: 11    God:    Gozag
Gold:   520        SH:  8    Dex: 18    Spells: 11/11 levels left

rFire   + . .      SeeInvis +   M - +2 executioner's axe (protect)
rCold   + . .      Faith    .   c - +0 buckler
rNeg    . . .      Spirit   .   o - +2 storm dragon scales "Omausykh" {rElec Int+3 Dex+5}
rPois   +          Reflect  .   (helmet unavailable)
rElec   +          Harm     .   n - +0 cloak
rCorr   +          Rampage  .   (no gloves)
Will    +....                   i - +1 pair of boots
Stlth   ..........              L - amulet of regeneration
HPRegen 1.06/turn               l - +4 ring of slaying
MPRegen 0.13/turn               p - +4 ring of slaying

@: mighty, resistant, under a protective aura, studying Axes
A: permanent stasis, dig shafts and tunnels, antennae 3, four strong arms
a: Dig, Shaft Self, Renounce Religion, Potion Petition, Call Merchant, Bribe
Branch


You were on level 1 of the Lair of Beasts.
You worshipped Gozag.
Gozag was pleased with you.
You visited 3 branches of the dungeon, and saw 12 of its levels.

You collected 2168 gold pieces.
You paid 1648 gold pieces to Gozag.

Inventory:

Hand Weapons
 E - a +2 war axe of freezing
 J - a +0 demon trident of flaming
 M - a +2 executioner's axe of protection (weapon)
Missiles
 I - 6 javelins
Armour
 c - a +0 buckler (worn)
 i - a +1 pair of boots (worn)
 n - a +0 cloak (worn)
 o - the +2 storm dragon scales "Omausykh" (worn) {rElec Int+3 Dex+5}
   (You acquired it on level 10 of the Dungeon)

   Int:       It affects your intelligence (+3).
   Dex:       It affects your dexterity (+5).
   rElec:     It insulates you from electricity.
 C - a +0 plate armour
 G - the +6 scale mail "Cidghothru" {Will+ MP+9}
   (You found it on level 10 of the Dungeon)

   MP:        It affects your magic capacity (+9).
   Will:      It increases your willpower.
Jewellery
 g - a ring of positive energy
 l - a +4 ring of slaying (left hand)
 p - a +4 ring of slaying (right hand)
 w - a ring of poison resistance
 D - a ring of protection from cold
 F - a ring of magical power
 L - an amulet of regeneration (around neck)
Wands
 k - a wand of charming (2)
 m - a wand of light (1)
 t - a wand of flame (2)
 H - a wand of digging (6)
Scrolls
 a - a scroll of amnesia
 v - 2 scrolls of butterflies
 y - 3 scrolls of identify
 B - a scroll of enchant armour
 K - a scroll of blinking
Potions
 d - 2 potions of attraction {unknown}
 e - 2 potions of curing
 h - a potion of cancellation {unknown}
 j - a potion of lignification
 r - 2 potions of degeneration
 u - 2 potions of ambrosia {unknown}
 x - a potion of mutation {unknown}
 z - 2 potions of haste {unknown}


   Skills:
 + Level 10.1 Fighting
 * Level 13.1 Axes
 + Level 10.2 Armour
 + Level 12.1 Shields


You had 11 spell levels left.
You didn't know any spells.
Your spell library contained the following spells:

 Spells                   Type           Power      Damage    Failure   Level
 Dazzling Flash           Conj/Hex       0%         N/A       99%         3
 Summon Guardian Golem    Hex/Summ       0%         N/A       99%         3
 Passage of Golubria      Tloc           0%         N/A       100%        4
 Agony                    Necr           0%         N/A       100%        5
 Silence                  Hex/Air        0%         N/A       100%        5
 Orb of Destruction       Conj           0%         9d5       100%        7
 Spellforged Servitor     Conj/Summ      0%         N/A       100%        7
 Lehudib's Crystal Spear  Conj/Erth      0%         10d2      100%        8


Dungeon Overview and Level Annotations

Branches:
Dungeon (10/15)            Temple (1/1) D:6            Lair (1/5) D:10
    Orc (0/2) D:10

Altars:
Ashenzari
Cheibriados
Dithmenos
Elyvilon
Fedhas
Gozag
Hepliaklqana
Kikubaaqudgha
Makhleb
Nemelex Xobeh
Okawaru
Qazlal
Ru
Sif Muna
Trog
Uskayaw
Vehumet
Wu Jian
Xom
Yredelemnul
Zin
The Shining One

Shops:
D:1 :=   D:2 [   D:10 [


Innate Abilities, Weirdness & Mutations

You cannot be hasted, slowed, berserked, paralysed or teleported.
You can dig through walls and to a lower floor.
You have a pair of large antennae on your head. (SInv)
Your four strong arms can wield two-handed weapons with a shield.


Message History

[c] - 702 gold - might, brilliance, resistance and invisibility Purchase which effect?
You no longer have enough gold to fund merchants seeking to open stores in the dungeon.
You feel protected.
You feel very mighty all of a sudden.
You feel much better. Magic courses through your body.
You block the ten-headed hydra's attack.
The ten-headed hydra bites you.
* * * LOW HITPOINT WARNING * * *
The ten-headed hydra bites you but does no damage. x3
You block the ten-headed hydra's attack.
The ten-headed hydra barely misses you.
The ten-headed hydra bites you but does no damage. x3
You hack one of the ten-headed hydra's heads off!
The nine-headed hydra grows two more!
You slice the 11-headed hydra!!
The 11-headed hydra is almost dead.
You block the 11-headed hydra's attack. The 11-headed hydra bites you!
* * * LOW HITPOINT WARNING * * *
The 11-headed hydra bites you but does no damage.
You block the 11-headed hydra's attack. x2
The 11-headed hydra bites you but does no damage. x2
The 11-headed hydra bites you!
* * * LOW HITPOINT WARNING * * *
The 11-headed hydra bites you but does no damage.
The 11-headed hydra completely misses you.
The 11-headed hydra bites you but does no damage.
You lop one of the 11-headed hydra's heads off!
The ten-headed hydra grows two more!
You slice the 12-headed hydra!!
The 12-headed hydra is almost dead.
The 12-headed hydra completely misses you.
The 12-headed hydra bites you but does no damage. x2
The 12-headed hydra bites you.
* * * LOW HITPOINT WARNING * * *
You block the 12-headed hydra's attack. The 12-headed hydra bites you!
* * * LOW HITPOINT WARNING * * *
You block the 12-headed hydra's attack. x2
The 12-headed hydra bites you but does no damage.
You block the 12-headed hydra's attack. The 12-headed hydra barely misses you.
The 12-headed hydra bites you!
You die...
Your body crumbles into a pile of gold.

$ ..## .. ## ##
##.#+###. #.......#
#.......# #.......###
#.....@.#P###
+.....D.'.#P####
#.......#...##P#####
#.......#P#........###
#/......####P####P.#.##
#.......# ### ##.....
#........ #####.
#.......# ## ##P##.#


You could see a 12-headed hydra.

Vanquished Creatures
  2 hydras (Lair:1)
  Erica (D:10)
  A two-headed ogre (D:10)
  Urug (D:10)
  2 orc knights (D:10)
  A black mamba (Lair:1)
  Maurice (D:8)
  A gargoyle (D:9)
  A cane toad (Lair:1)
  2 komodo dragons (Lair:1)
  Maggie (D:10)
  A troll (D:9)
  2 hornets
  A wraith (D:10)
  A shadow (D:10)
  3 wyverns
  18 yaks
  2 steam dragons (D:8)
  6 water moccasins
  2 ice beasts
  2 black bears
  2 orc warriors (D:10)
  An ogre (D:6)
  5 wolves (Lair:1)
  4 centaurs
  A phantom (D:4)
  2 kobold brigands
  6 bullfrogs
  3 necrophages
  3 scorpions
  12 wights
  4 killer bees (D:10)
  4 howler monkeys
  5 orc priests
  5 hounds
  5 jellies
  3 iguanas
  An orc wizard (D:7)
  7 adders
  3 gnolls (D:5)
  2 white imps
  2 ufetubi
  A worm (D:3)
  4 dart slugs
  28 orcs
  6 bats
  13 endoplasms
  A giant cockroach (D:3)
  6 goblins
  11 hobgoblins
  6 jackals (D:2)
  2 quokkas (D:5)
  5 ball pythons
  A frilled lizard (D:3)
  34 kobolds
  4 rats
254 creatures vanquished.

Vanquished Creatures (others)
  57 fungi
  88 plants
  10 toadstools (D:4)
155 creatures vanquished.

Grand Total: 409 creatures vanquished

Notes
Turn   | Place    | Note
-------+----------+-------------------------------------------
     0 | D:1      | Anothat the Formicid Fighter began the quest for the Orb.
     0 | D:1      | Reached XP level 1. HP: 18/18 MP: 1/1
   289 | D:1      | Found Ofisot Odyi's Jewellery Shoppe.
   360 | D:1      | Reached XP level 2. HP: 24/24 MP: 2/2
   570 | D:1      | Found Yxiu's Book Shoppe.
   693 | D:1      | Reached XP level 3. HP: 28/29 MP: 3/3
  1109 | D:2      | Found Tippoph's Armour Shoppe.
  1388 | D:2      | Reached skill level 3 in Axes
  1388 | D:2      | Reached XP level 4. HP: 34/37 MP: 4/4
  1877 | D:3      | Identified the +7 short sword "Dedonag" {flame, rN+ rCorr}
  2136 | D:3      | Found a faded altar of an unknown god.
  2458 | D:3      | Reached XP level 5. HP: 42/42 MP: 5/5
  2898 | D:4      | Reached skill level 5 in Shields
  2969 | D:4      | Noticed a phantom
  2988 | D:4      | Killed a phantom
  2989 | D:4      | Reached skill level 4 in Axes
  2989 | D:4      | Reached XP level 6. HP: 39/48 MP: 6/6
  3986 | D:5      | Entered Level 5 of the Dungeon
  4082 | D:5      | Reached XP level 7. HP: 55/55 MP: 7/7
  4578 | D:5      | Noticed a water moccasin
  4588 | D:5      | Killed a water moccasin
  4589 | D:5      | Reached skill level 5 in Axes
  5075 | D:5      | Reached skill level 5 in Armour
  5177 | D:5      | Reached skill level 5 in Fighting
  5347 | D:6      | Noticed a water moccasin
  5354 | D:5      | Reached XP level 8. HP: 48/62 MP: 8/8
  5446 | D:6      | Reached skill level 6 in Axes
  5792 | D:6      | Found a staircase to the Ecumenical Temple.
  5797 | D:6      | Reached XP level 9. HP: 69/69 MP: 9/9
  5801 | Temple   | Entered the Ecumenical Temple
  6460 | Temple   | Became a worshipper of Gozag Ym Sagoz the Greedy
  6811 | D:6      | Found a shimmering blue altar of Sif Muna.
  6816 | D:6      | Reached skill level 7 in Axes
  7966 | D:8      | Reached skill level 8 in Axes
  8375 | D:8      | Noticed Maurice
  8398 | D:8      | Killed Maurice
  8399 | D:8      | Reached XP level 10. HP: 37/79 MP: 10/10
  8834 | D:9      | Reached skill level 9 in Axes
  9545 | D:10     | Entered Level 10 of the Dungeon
  9554 | D:10     | Noticed Urug
  9554 | D:10     | Noticed a gargoyle
  9742 | D:9      | Killed a gargoyle
  9917 | D:10     | Identified the +6 scale mail "Cidghothru" {Will+ MP+9}
 10055 | D:10     | Reached skill level 10 in Axes
 10099 | D:10     | Noticed Erica
 10109 | D:10     | Reached skill level 10 in Shields
 10113 | D:10     | Killed Erica
 10114 | D:10     | Reached XP level 11. HP: 84/87 MP: 11/11
 10677 | D:10     | Found a staircase to the Lair.
 10710 | D:10     | Found a stormy altar of Qazlal.
 10760 | D:10     | Noticed an orc knight
 10791 | D:10     | Reached skill level 11 in Axes
 10824 | D:10     | Killed Urug
 11108 | D:10     | Found a staircase to the Orcish Mines.
 11108 | D:10     | Noticed an orc knight
 11115 | D:10     | Killed an orc knight
 11120 | D:10     | Noticed Maggie
 11133 | D:10     | Killed Maggie
 11641 | D:10     | Noticed a two-headed ogre
 11724 | D:10     | Killed a two-headed ogre
 11725 | D:10     | Reached XP level 12. HP: 73/96 MP: 12/12
 12084 | Lair:1   | Entered Level 1 of the Lair of Beasts
 12093 | D:10     | Identified 4 scrolls of acquirement
 12093 | D:10     | Acquired a +2 antimagic executioner's axe
 12108 | D:10     | Acquired a manual of Axes
 12109 | D:10     | Acquired the +2 storm dragon scales "Omausykh" {rElec Int+3
                  | Dex+5}
 12111 | D:10     | Acquired 424 gold pieces
 12142 | Lair:1   | Reached skill level 12 in Axes
 12269 | Lair:1   | Reached skill level 10 in Armour
 12307 | Lair:1   | Noticed a seven-headed hydra
 12316 | Lair:1   | Killed a seven-headed hydra
 12317 | Lair:1   | Reached skill level 10 in Fighting
 12333 | Lair:1   | Noticed an eight-headed hydra
 12532 | Lair:1   | Killed an eight-headed hydra
 12533 | Lair:1   | Reached skill level 13 in Axes
 12601 | Lair:1   | Noticed a five-headed hydra
 12614 | Lair:1   | HP: 3/97 [12-headed hydra (8)]
 12614 | Lair:1   | Mangled by a 12-headed hydra

Illustrated notes

Levels and vault maps discovered:
D:1:      scummos_arrival_gate, layout_loops_ring, serial_shops,
          nicolae_diamond_shop, shop_statue, st_stairs_5
D:2:      layout_loops_cross, serial_shops, shop
D:3:      layout_basic, shapermc_ecumenical_altar_mp_ritualfount
D:4:      cheibrodos_fertilizer, layout_basic, serial_bayou_lagoon_b
D:5:      layout_rooms, serial_park_tiny_2, serial_bayou_lagoon_a
D:6:      layout_loops_cross, nicolae_sif_muna_little_library,
          minmay_temple_entry_statues_fountains, hangedman_decor_riveting,
          corexii_shack
D:7:      layout_loops_corners
D:8:      layout_loops_ring, uniq_maurice
D:9:      layout_rooms
D:10:     layout_gridville, mainiacjoe_overflow_small_starburst,
          due_lair_maze_entry_diamond, david_orc_5,
          minmay_mirror_moons_of_madness, uniq_maggie, uniq_erica, uniq_urug
Temple:   mainiacjoe_temple_big_plus
Lair:1:   layout_roguey, grunt_forest_large_clearing_hut, grunt_megastairs_5,
          infiniplex_staircase_pool_2

Skill      XL: |  1  2  3  4  5  6  7  8  9 10 11 12 |
---------------+-------------------------------------+-----
Axes           | 3 4 5 6 8 10 11 13 | 13.1
Armour         | 4 5 6 7 8 9 10 | 10.2
Fighting       | 4 5 6 7 8 9 10 | 10.1
Shields        | 5 6 7 8 10 11 12 | 12.1

Action                   |  1- 3 |  4- 6 |  7- 9 | 10-12 || total
-------------------------+-------+-------+-------+-------++-------
Melee: War axe           |   102 |   115 |   148 |   197 ||   562
       Executioner's axe |       |       |       |    33 ||    33
       Demon trident     |       |       |       |    10 ||    10
       Battleaxe         |       |       |       |     1 ||     1
Invok: Potion Petition   |       |       |       |     1 ||     1
       Call Merchant     |       |       |       |     1 ||     1
Evoke: Wand              |       |       |     4 |    15 ||    19
  Use: Scroll            |       |    10 |     1 |     8 ||    19
       Potion            |       |       |     1 |     5 ||     6
 Stab: Invisible         |       |       |     2 |     2 ||     4
       Distracted        |       |       |     1 |     5 ||     6
Armor: Scale mail        |    48 |    48 |    14 |       ||   110
       Chain mail        |       |       |    48 |       ||    48
       Plate armour      |       |       |    15 |    93 ||   108
       Storm dragon scal |       |       |       |    66 ||    66
Dodge: Dodged            |    51 |    31 |    61 |    93 ||   236
Block: Buckler           |    21 |    32 |    35 |    95 ||   183
